 Dungeon Crawl Stone Soup version 0.20-a0-77-g476458c (webtiles) character file.

76130 KristoblXynda the Tortoise (level 15, 0/116 HPs)
             Began as a Deep Dwarf Fighter on Nov 19, 2016.
             Was the Champion of Makhleb.
             Slain by an orc warrior
             ... wielding a +0 trident
              (3 damage)
             ... on level 2 of the Orcish Mines.
             The game lasted 00:52:13 (20848 turns).

KristoblXynda the Tortoise (Deep Dwarf Fighter)    Turns: 20848, Time: 00:52:14

Health: 0/116      AC: 22    Str: 19 (20) XL:     15   Next: 11%
Magic:  24/24      EV: 11    Int: 10 (13) God:    Makhleb [******]
Gold:   2099       SH: 13    Dex: 11 (12) Spells: 0 memorised, 14 levels left

rFire  + . .     SeeInvis +     F - +2 war axe (flame)
rCold  + . .     Gourm    .     b - +3 chain mail {rF+}
rNeg   + . .     Faith    .     c - +0 shield
rPois  .         Spirit   .     A - +0 hat {SInv}
rElec  .         Reflect  .     w - +0 cloak
rCorr  +         Harm     .     J - +0 pair of gloves
MR     ++...     Clarity  +     q - +0 pair of boots of the Trees {rCorr Slay+3}
Stlth  ..........               (no amulet)
                                r - ring of wizardry
                                i - ring of protection from cold

@: non-regenerating, drained
A: damage resistance, recharge devices, clarity, deterioration 1, dopey 1,
negative energy resistance 1, sense surroundings 2, slow regeneration 3
a: Device Recharging, Minor Destruction, Lesser Servant of Makhleb, Major
Destruction, Greater Servant of Makhleb, Renounce Religion


You were on level 2 of the Orcish Mines.
You worshipped Makhleb.
Makhleb was exalted by your worship.
You were hungry.

You visited 4 branches of the dungeon, and saw 24 of its levels.
You also visited: Ice Cave.

You collected 2134 gold pieces.
You spent 35 gold pieces at shops.

Inventory:

Hand Weapons
 C - a +0 broad axe
 F - a +2 war axe of flaming (weapon)
Missiles
 h - 13 javelins (quivered)
 H - a throwing net
Armour
 b - a +3 chain mail of fire resistance (worn)
 c - a +0 shield (worn)
 q - the +0 pair of boots of the Trees (worn) {rCorr Slay+3}
   (You found it on level 5 of the Dungeon)

   It affects your accuracy and damage with ranged weapons and melee attacks
   (+3).
   It protects you from acid and corrosion.
 w - a +0 cloak (worn)
 A - a +0 hat of see invisible (worn)
 J - a +0 pair of gloves (worn)
Jewellery
 i - a ring of protection from cold (left hand)
 r - a ring of wizardry (right hand)
Wands
 e - a wand of heal wounds (0/9)
 p - a wand of digging (11/24)
 y - a wand of teleportation (5/9)
 L - a wand of hasting (4/9)
 P - a wand of iceblast (1/15)
Scrolls
 g - 2 scrolls of immolation
 k - a scroll of remove curse
 l - 3 scrolls of amnesia
 s - 3 scrolls of magic mapping
 X - 2 scrolls of recharging
Potions
 j - a potion of lignification
 n - a potion of brilliance
 o - a potion of magic
 t - 10 potions of curing
 E - a potion of haste
Miscellaneous
 a - a phial of floods
 v - a sack of spiders
 M - a box of beasts
Comestibles
 f - 8 bread rations
 m - a beef jerky
 z - 4 meat rations
 N - 20 fruits


   Skills:
 + Level 2.8(2.6) Fighting
 - Level 11.1(10.9) Axes
 + Level 16.5(16.3) Armour
 + Level 6.8(6.6) Dodging
 - Level 15.5(15.3) Shields
 - Level 10.1(10.0) Invocations
 - Level 12.3(12.1) Evocations


You had 14 spell levels left.
You didn't know any spells.

Dungeon Overview and Level Annotations

Branches:
Dungeon (15/15)            Temple (1/1) D:6            Lair (6/6) D:11
 Shoals (0/4) Lair:4        Snake (0/4) Lair:4        Slime (0/5) Lair:6
    Orc (2/2) D:10            Elf (0/3) Orc:2        Vaults (0/5) D:14
 Depths (0/5) D:15

Altars:
Cheibriados
Dithmenos
Fedhas
Hepliaklqana
Kikubaaqudgha
Makhleb
Nemelex Xobeh
Okawaru
Sif Muna
Trog
Uskayaw
Vehumet
Xom
Yredelemnul
The Shining One
Beogh
Jiyva

Shops:
D:4 *   D:12 (   Orc:2 *(=

Annotations:
D:9 KristoblXynda's ghost, novice DrSk
Lair:3 exclusion: 2 oklob plants


Innate Abilities, Weirdness & Mutations

You are resistant to damage.
You can recharge devices by infusing magical energy.
You resist negative energy. (rN+)
You passively map the area around you.
You do not regenerate.
You possess an exceptional clarity of mind.
Your body sometimes deteriorates upon taking damage.
You are dopey. (Int -2)


Message History

You kill the orc wizard!
Makhleb accepts your kill.
You feel better.
You hit the fungus. You burn the fungus.
The orc warrior hits you from afar with a trident!
* * * LOW HITPOINT WARNING * * *
Items here: )) [ †† a dagger; a robe; a mace; an orc corpse x2
You block the orc warrior's attack. The orc warrior closely misses you.
You hit the orc warrior. You burn the orc warrior.
The orc warrior is lightly wounded.
You hit the fungus. You burn the fungus. You closely miss the orc priest.
You slash the fungus! You burn the fungus. You closely miss the orc warrior.
The orc priest hits you but does no damage.
Unknown command.
You closely miss the orc priest. You hit the fungus but do no damage.
You hit the orc warrior. You burn the orc warrior.
You hit the orc warrior but do no damage.
You completely miss the fungus.
The orc warrior hits you with a trident.
You die...

.4.Ho#.(.._......<.### ,
.4.(###(.(.(.......#.##
, ,
...o###..(((...#......#
,*
.....##........#P....###
*
..#.##......(..........#
* ,
.####..................#
* * , ##
##.#................* *
##........P....8..P*
##.##....o@o∩...P.*
###.....P.o...... , ...
#....P......... , ...
#.............#,* ##..
#......P..P..P. , #..$
##..........### * #..
##........## ** #..
##.###..## *#. *


You could see 2 orc warriors and an orc priest.

Vanquished Creatures
  A frost giant (IceCv)
  The ghost of namnharef the Destroyer, a journeyman HEFE of Vehumet (D:15)
  2 fire dragons (D:15)
  Fannar (D:10)
  7 hydras
  An anaconda (Lair:6)
  3 catoblepae
  Erica (Lair:2)
  2 dancing weapons (D:14)
  A centaur warrior (D:14)
  An orc high priest (Orc:2)
  3 death yaks
  Urug (Orc:1)
  2 unseen horrors
  6 hill giants
  6 ugly things
  Pikel (D:8)
  2 orc sorcerers (Orc:2)
  2 manticores
  4 cyclopes
  A deep elf mage (D:14)
  An ice statue (IceCv)
  Psyche (D:9)
  Joseph (D:9)
  9 elephants (Lair:6)
  5 black mambas
  The ghost of KristoblXynda the Chopper, a novice HOSk of Beogh (D:5)
  A torpor snail (Lair:2)
  8 spiny frogs
  5 rime drakes
  3 kobold demonologists
  An efreet (D:15)
  5 yaktaurs (D:15)
  6 komodo dragons
  5 trolls
  14 polar bears (IceCv)
  2 hornets
  A blink frog (Lair:5)
  Grinder (D:3)
  Prince Ribbit (D:7)
  11 hippogriffs
  7 dream sheep (Lair:4)
  7 slime creatures (D:15)
  A vampire (D:11)
  A shadow (D:13)
  A human (D:10)
  Eustachio (D:5)
  2 hogs (D:10)
  A wyvern (D:13)
  53 yaks
  3 fire bats (Orc:1)
  Grum (Lair:1)
  3 basilisks
  2 steam dragons (D:7)
  2 hungry ghosts
  A redback simulacrum (D:15)
  A mottled dragon (D:14)
  A soldier ant (D:13)
  Edmund (D:5)
  3 wargs
  Menkaure (D:4)
  9 water moccasins
  13 porcupines
  3 nagas (Lair:4)
  12 orc warriors
  2 ice beasts
  2 black bears
  A phantom (D:6)
  An eye of draining (D:13)
  4 sky beasts
  9 ogres
  23 wolves
  13 crocodiles
  6 centaurs
  5 big kobolds
  23 bullfrogs
  A wyvern skeleton (D:6)
  4 scorpions
  6 killer bees
  2 howler monkeys
  16 wights
  5 bullfrog zombies
  5 crimson imps
  2 quasits (D:10)
  5 centaur zombies
  4 hounds
  6 jellies
  Crazy Yiuf (D:2)
  9 orc priests
  4 orc wizards
  3 bullfrog skeletons
  4 centaur skeletons
  5 iguanas
  A killer bee zombie (D:8)
  4 worker ants
  3 hound zombies (D:5)
  4 worker ant zombies
  6 adders
  7 gnolls
  3 shadow imps
  An adder zombie (D:5)
  3 worms
  3 dart slugs
  5 leopard geckos
  38 orcs
  3 giant cockroaches
  10 hobgoblins
  12 jackals
  14 kobolds
  5 quokkas
  6 bats
  4 frilled lizards
  6 goblins
  A jackal zombie (D:5)
  A leopard gecko skeleton (D:4)
  10 rats
  9 fungi
  8 plants
599 creatures vanquished.

Vanquished Creatures (collateral kills)
  An orc sorcerer (Orc:2)
1 creature vanquished.

Vanquished Creatures (others)
  5 fungi
  8 plants
13 creatures vanquished.

Grand Total: 613 creatures vanquished

Notes
Turn   | Place    | Note
-------+----------+-------------------------------------------
     0 | D:1      | KristoblXynda the Deep Dwarf Fighter began the quest for the Orb.
     0 | D:1      | Reached XP level 1. HP: 20/20 MP: 1/1
   239 | D:1      | Reached XP level 2. HP: 21/27 MP: 2/2
   623 | D:2      | Reached XP level 3. HP: 25/33 MP: 3/3
   715 | D:2      | Found a sparkling altar of Nemelex Xobeh.
   715 | D:2      | Found a shadowy altar of Dithmenos.
   962 | D:2      | Reached XP level 4. HP: 25/40 MP: 4/4
   998 | D:2      | Found a runed door.
  1002 | D:2      | Noticed Crazy Yiuf
  1006 | D:2      | Killed Crazy Yiuf
  1006 | D:2      | Reached skill level 4 in Armour
  1513 | D:3      | Reached XP level 5. HP: 35/46 MP: 5/5
  1613 | D:3      | Found an ancient bone altar of Kikubaaqudgha.
  1746 | D:3      | Noticed Grinder
  1752 | D:3      | Paralysed by Grinder for 3 turns
  1758 | D:3      | Killed Grinder
  1758 | D:3      | Reached skill level 5 in Axes
  1758 | D:3      | Reached skill level 5 in Armour
  1758 | D:3      | Reached skill level 5 in Shields
  1758 | D:3      | Reached XP level 6. HP: 27/55 MP: 6/6
  2018 | D:4      | Found Aruigy's Assorted Antiques.
  2021 | D:4      | Noticed Menkaure
  2026 | D:4      | Killed Menkaure
  2041 | D:4      | Reached XP level 7. HP: 51/61 MP: 7/7
  2324 | D:4      | Found a hazy altar of Hepliaklqana.
  2477 | D:5      | Entered Level 5 of the Dungeon
  2478 | D:5      | Noticed Eustachio
  2503 | D:5      | Killed Eustachio
  2503 | D:5      | Reached skill level 6 in Armour
  2507 | D:5      | Noticed KristoblXynda's ghost (novice HOSk)
  2526 | D:5      | Killed KristoblXynda's ghost
  2526 | D:5      | Reached XP level 8. HP: 33/68 MP: 8/8
  2625 | D:5      | Noticed Edmund
  2651 | D:5      | Killed Edmund
  2651 | D:5      | Reached skill level 7 in Armour
  3002 | D:5      | Got a pair of brightly glowing boots
  3013 | D:5      | Identified the cursed +0 pair of boots of the Trees {rCorr Slay+3} (You found it on level 5 of the Dungeon)
  3035 | D:5      | Found a snail-covered altar of Cheibriados.
  3441 | D:6      | Found a basalt altar of Yredelemnul.
  3458 | D:6      | Gained mutation: You passively map the area around you. [Deep Dwarf growth]
  3458 | D:6      | Reached XP level 9. HP: 24/74 MP: 9/9
  3752 | D:6      | Reached skill level 8 in Armour
  3817 | D:6      | Found a staircase to the Ecumenical Temple.
  3879 | Temple   | Entered the Ecumenical Temple
  3903 | Temple   | Became a worshipper of Makhleb the Destroyer
  4556 | D:7      | Noticed Prince Ribbit
  4575 | D:7      | Killed Prince Ribbit
  4647 | D:7      | Found a shimmering altar of Xom.
  5049 | D:7      | Reached skill level 9 in Armour
  5564 | D:8      | Noticed Pikel
  5576 | D:8      | Killed Pikel
  5762 | D:8      | Reached XP level 10. HP: 39/81 MP: 10/10
  5806 | D:8      | Reached * piety under Makhleb
  5934 | D:8      | You fall through a shaft!
  5971 | D:9      | Noticed KristoblXynda's ghost (novice DrSk)
  6326 | D:9      | Noticed Joseph
  6354 | D:9      | Killed Joseph
  6354 | D:9      | Reached skill level 10 in Shields
  6516 | D:9      | Reached skill level 10 in Axes
  6610 | D:9      | Noticed Psyche
  6624 | D:9      | Killed Psyche
  6624 | D:9      | Reached skill level 10 in Armour
  6734 | D:10     | Entered Level 10 of the Dungeon
  6734 | D:10     | Noticed Fannar
  6761 | D:10     | Killed Fannar
  7109 | D:10     | Noticed a hill giant
  7142 | D:10     | Killed a hill giant
  7274 | D:10     | Found a staircase to the Orcish Mines.
  7383 | D:10     | Reached ** piety under Makhleb
  7454 | D:10     | Reached skill level 11 in Armour
  7460 | D:10     | Reached XP level 11. HP: 80/88 MP: 11/11
  7795 | Orc:1    | Entered Level 1 of the Orcish Mines
  7801 | Orc:1    | Found a frozen archway.
  7806 | IceCv    | Entered an ice cave
  8138 | IceCv    | Reached skill level 1 in Invocations
  8325 | IceCv    | Reached *** piety under Makhleb
  8389 | IceCv    | Reached skill level 5 in Invocations
  8451 | IceCv    | Reached skill level 1 in Evocations
  8462 | IceCv    | Reached skill level 12 in Armour
  8579 | IceCv    | Noticed a death yak
  8579 | IceCv    | Noticed a frost giant
  8607 | IceCv    | Killed a frost giant
  8607 | IceCv    | Reached XP level 12. HP: 69/96 MP: 15/15
  8613 | IceCv    | Killed a death yak
  8613 | IceCv    | Reached skill level 5 in Evocations
  8665 | IceCv    | Reached **** piety under Makhleb
  8678 | IceCv    | Got a scorched quarterstaff
  9474 | Orc:1    | Reached skill level 13 in Armour
  9610 | Orc:1    | Noticed Urug
  9625 | Orc:1    | Killed Urug
  9783 | Orc:2    | Entered Level 2 of the Orcish Mines
  9811 | Orc:2    | Noticed an orc high priest
  9812 | Orc:2    | Found a staircase to the Elven Halls.
  9827 | Orc:2    | Killed an orc high priest
  9835 | Orc:2    | Found Kajoibbu's General Store.
  9843 | Orc:2    | Bought a potion of mutation for 35 gold pieces
  9891 | Orc:2    | Noticed an orc high priest
  9892 | Orc:2    | Found Kamef's Jewellery Boutique.
 10121 | D:11     | Reached ***** piety under Makhleb
 10249 | D:11     | Found a staircase to the Lair.
 10261 | Lair:1   | Entered Level 1 of the Lair of Beasts
 10590 | D:11     | Noticed a seven-headed hydra
 10772 | D:11     | Noticed a seven-headed hydra
 10821 | Lair:1   | Noticed Grum
 10849 | Lair:1   | Killed Grum
 10987 | Lair:1   | Reached XP level 13. HP: 102/102 MP: 19/19
 11657 | Lair:2   | Identified a scroll of acquirement
 11669 | Lair:2   | Identified the Tome of the Dusty Traveller
 11685 | Lair:2   | Reached skill level 14 in Armour
 11733 | Lair:2   | Noticed Erica
 11756 | Lair:2   | Killed Erica
 11756 | Lair:2   | Reached skill level 10 in Evocations
 11917 | Lair:2   | Found a glowing golden altar of the Shining One.
 13492 | Lair:4   | Reached ****** piety under Makhleb
 13574 | Lair:4   | Found a staircase to the Shoals.
 13639 | Lair:4   | Found a staircase to the Snake Pit.
 14211 | Lair:5   | Reached skill level 15 in Shields
 14740 | Lair:6   | Entered Level 6 of the Lair of Beasts
 14794 | Lair:6   | Reached skill level 15 in Armour
 14812 | Lair:6   | Gained mutation: You resist negative energy. (rN+) [Deep Dwarf growth]
 14812 | Lair:6   | Reached XP level 14. HP: 109/109 MP: 23/23
 14942 | Lair:6   | Found a viscous altar of Jiyva.
 14945 | Lair:6   | Found a staircase to the Slime Pits.
 15326 | Lair:6   | Found a hazy altar of Hepliaklqana.
 15995 | Lair:6   | Reached skill level 1 in Dodging
 16616 | D:12     | Paralysed by a hornet for 3 turns
 16663 | D:12     | Found Jaew Hos's Weapon Shoppe.
 17339 | D:12     | Gained mutation: Your body sometimes deteriorates upon taking damage. [mutagenic meat]
 17580 | D:13     | Gained mutation: You are dopey. (Int -2) [mutagenic meat]
 17581 | D:13     | Gained mutation: You possess an exceptional clarity of mind. [mutagenic meat]
 18256 | D:14     | Reached skill level 16 in Armour
 18294 | D:14     | Found a gate to the Vaults.
 18311 | D:14     | Reached skill level 5 in Dodging
 19001 | D:15     | Entered Level 15 of the Dungeon
 19488 | D:15     | HP: 5/109 [cyclops (6)]
 19959 | D:15     | Noticed namnharef's ghost (journeyman HEFE)
 20028 | D:15     | Killed namnharef's ghost
 20216 | D:15     | Reached XP level 15. HP: 97/115 MP: 24/24
 20426 | D:15     | Reached skill level 10 in Invocations
 20460 | D:15     | Found a staircase to the Depths.
 20781 | Orc:2    | Found a roughly hewn altar of Beogh.
 20804 | Orc:2    | Noticed an orc warlord
 20806 | Orc:2    | Found Kesuewif's Antique Weapon Emporium.
 20845 | Orc:2    | HP: 3/116 [orc warrior/trident (14)]
 20848 | Orc:2    | Slain by an orc warrior

Vault maps used:
D:1:      tarquinn_simple_flora_water_a
D:2:      gammafunk_temple_overflow_elements, minmay_misc_feat_nine_boxes,
          uniq_crazy_yiuf_cottage
D:3:      old_standard_altar, serial_glass, glass_columns_c, glass_columns_c,
          glass_columns_b, uniq_grinder
D:4:      lemuel_crystal_altar, serial_shops, nicolae_shop_overgrown_old_shop,
          hangedman_decor_diamond_cutter, uniq_menkaure
D:5:      kennysheep_slug_shrine, first_bread, serial_undead, serial_undead_d,
          serial_undead_d, serial_undead_d, serial_undead_f, serial_undead_a,
          serial_undead_d, uniq_edmund, uniq_eustachio
D:6:      lemuel_crystal_altar
D:7:      kennysheep_steamy, lemuel_crystal_altar, uniq_prince_ribbit1
D:8:      uniq_pikel
D:9:      uniq_joseph, uniq_psyche
D:10:     orc_0_dummy, grunt_livestock, st_stairs_11, uniq_fannar
D:11:     grunt_lair_entry_orc_guard_hut, kennysheep_generic_room_9
D:12:     serial_shops, nicolae_shop_stone, nicolae_benzene_ring
D:13:     kennysheep_spiral_hall
D:14:     erik_vaults_1, hangedman_abyss_or_decor_clamps,
          minmay_item_behind_shaft, feat_on_display
D:15:     grunt_enter_depths_hoard, minmay_misc_feat_encased
Temple:   eino_temple_water
Lair:1:   lab_entry_generic, uniq_grum
Lair:2:   basic_altar, lemuel_fruit_tree, uniq_erica
Lair:3:   dpeg_oklob_gauntlet
Lair:4:   elwin_shoals_entry_rocks, minmay_snake_entry_guardpost_small
Lair:5:   nicolae_lair_yak_garden
Lair:6:   due_jungle_book, slime_altar_1, basic_altar,
          nicolae_quartered_pool_little, grunt_forest_stairs_basic
Orc:1:    portal_ice_cave_rime, nicolae_orc_lava_tube, uniq_urug
Orc:2:    grunt_orc_gardens, grunt_orc_garden, grunt_orc_garden,
          grunt_orc_garden, grunt_orc_garden, basic_altar
IceCv:    ice_cave_caverns_01

Skill      XL: |  1  2  3  4  5  6  7  8  9 10 11 12 13 14 15 |
---------------+----------------------------------------------+-----
Axes           | 3 4 5 6 8 9 11 | 11.1
Shields        | 4 5 6 8 9 11 12 13 15 | 15.5
Armour         | 4 5 6 7 9 11 12 13 15 16 | 16.5
Invocations    | 5 9 10 | 10.1
Evocations     | 4 9 12 | 12.3
Dodging        | 6 |  6.8
Fighting       | |  2.8

Action                   |  1- 3 |  4- 6 |  7- 9 | 10-12 | 13-15 || total
-------------------------+-------+-------+-------+-------+-------++-------
Melee: War axe           |    47 |       |       |       |  1264 ||  1311
       Hand axe          |    39 |    82 |   298 |   864 |    47 ||  1330
Evoke: Wand              |       |     2 |     5 |    11 |    16 ||    34
       Box of beasts     |       |       |       |       |     2 ||     2
  Use: Scroll            |       |     6 |    10 |    19 |    20 ||    55
       Potion            |       |     1 |     2 |     7 |     6 ||    16
 Stab: Invisible         |       |       |       |     9 |       ||     9
       Petrified         |       |       |       |       |    15 ||    15
  Eat: Chunk             |       |     2 |     6 |     7 |    12 ||    27
       Meat ration       |       |     1 |       |       |     1 ||     2
       Fruit             |       |       |     3 |       |     7 ||    10
       Bread ration      |       |       |       |     1 |     1 ||     2
       Pizza             |       |       |       |     4 |     4 ||     8
       Beef jerky        |       |       |       |     2 |     1 ||     3
       Royal jelly       |       |       |       |       |     3 ||     3
Armor: Scale mail        |    53 |    29 |    24 |       |       ||   106
       Plate armour      |       |       |    83 |       |       ||    83
       Chain mail        |       |       |    24 |   338 |   692 ||  1054
       Skin              |       |       |       |    13 |       ||    13
Dodge: Dodged            |    26 |    17 |    55 |   210 |   359 ||   667
Block: Shield            |    43 |    35 |   170 |   464 |   862 ||  1574
